 Dungeon Crawl Stone Soup version 0.24.0-124-g2791043dd8 (webtiles) character file.

Game seed: 4769099131603830615, levelgen mode: deterministic

20555 Amplified the Fighter (level 12, -3/103 HPs)
             Began as a Mummy Venom Mage on Feb 14, 2020.
             Was an Initiate of Gozag.
             Slain by a catoblepas (12 damage)
             ... while petrified by you
             ... on level 11 of the Dungeon.
             The game lasted 00:33:28 (15585 turns).

Amplified the Fighter (Mummy Venom Mage)           Turns: 15585, Time: 00:33:29

Health: -3/103     AC: 15    Str: 18    XL:     12   Next: 46%
Magic:  4/21       EV:  2    Int: 22    God:    Gozag
Gold:   628        SH:  0    Dex: 19    Spells: 3/23 levels left

rFire    x . .     SeeInvis +   t - +11 mace "Xaica" {elec, *Noise rF- Int+8 Dex+4}
rCold    + . .     Gourm    .   (no shield)
rNeg     + + +     Faith    +   n - +2 robe {MR+}
rPois    ∞         Spirit   .   g - +2 helmet
rElec    +         Reflect  .   (no cloak)
rCorr    .         Harm     .   A - +0 pair of gloves
MR       +++..                  z - +2 pair of boots
Stlth    ++........             s - amulet of faith
HPRegen  0.27/turn              l - ring of the Spinneret {rF+ MR+ Str+4 SInv}
MPRegen  0.17/turn              a - ring "Fonow" {*Drain rElec AC+4 Slay+3}

@: petrified, gold aura
A: no food or potions, fire vulnerability, cold resistance 1, negative energy
resistance 3, torment resistance, unbreathing
a: Potion Petition, Call Merchant, Bribe Branch, Renounce Religion


You were on level 11 of the Dungeon.
You worshipped Gozag.
Gozag was pleased with you.
You were not hungry.

You visited 3 branches of the dungeon, and saw 14 of its levels.
You also visited: Ice Cave.

You collected 3477 gold pieces.
You spent 1816 gold pieces at shops.
You paid 1033 gold pieces to Gozag.

Inventory:

Hand Weapons
 c - a +1 mace
 o - a +0 morningstar
 t - the +11 mace "Xaica" (weapon) {elec, *Noise rF- Int+8 Dex+4}
   (You bought it in a shop on level 4 of the Dungeon)

   Occasionally, upon striking a foe, it will discharge some electrical energy
   and cause terrible harm.
   It affects your intelligence (+8).
   It affects your dexterity (+4).
   It makes you vulnerable to fire.
   It may make noises in combat.
Missiles
 f - 55 sling bullets
 k - 69 poisoned darts (quivered)
Armour
 d - a +2 leather armour of magic resistance
 g - a +2 helmet (worn)
 h - the +3 ring mail of Totafan {rElec rF- Int+7 Stlth+}
   (You found it on level 10 of the Dungeon)

   It affects your intelligence (+7).
   It makes you vulnerable to fire.
   It insulates you from electricity.
   It makes you more stealthy.
 n - a +2 robe of magic resistance (worn)
 z - a +2 pair of boots (worn)
 A - a +0 pair of gloves (worn)
Jewellery
 a - the ring "Fonow" (right hand) {*Drain rElec AC+4 Slay+3}
   (You bought it in a shop on level 9 of the Dungeon)

   [ring of protection]

   It affects your AC (+4).
   It affects your accuracy and damage with ranged weapons and melee attacks
   (+3).
   It insulates you from electricity.
   It causes draining when unequipped.
 l - the ring of the Spinneret (left hand) {rF+ MR+ Str+4 SInv}
   (You bought it in a shop on level 9 of the Dungeon)

   [ring of protection from fire]

   It affects your strength (+4).
   It protects you from fire.
   It affects your resistance to hostile enchantments.
   It lets you see invisible.
 s - an amulet of faith (around neck)
 x - an uncursed ring of fire
Wands
 u - a wand of random effects (31)
Scrolls
 b - 8 scrolls of identify
 e - a scroll of magic mapping
 i - 3 scrolls of fog
 m - 2 scrolls of immolation
 p - 3 scrolls of enchant weapon
 r - 5 scrolls of remove curse
 v - 4 scrolls of amnesia


   Skills:
 * Level 12.9 Fighting
 * Level 10.5 Maces & Flails
 - Level 1.5 Dodging
 - Level 1.5 Stealth
 - Level 6.1 Spellcasting
 - Level 3.8 Conjurations
 * Level 5.3 Summonings
 - Level 4.5 Poison Magic


You had 3 spell levels left.
You knew the following spells:

 Your Spells              Type           Power        Failure   Level  Hunger
a - Olgreb's Toxic Radia  Pois           ####....     14%         4    N/A
b - Poisonous Vapours     Pois/Air       ###...       5%          2    N/A
c - Mephitic Cloud        Conj/Pois/Air  ###.....     9%          3    N/A
d - Venom Bolt            Conj/Pois      ####......   41%         5    N/A
e - Shadow Creatures      Summ           N/A          83%         6    N/A

Your spell library contained the following spells:

 Spells                   Type           Power        Failure   Level  Hunger
 Sting                    Conj/Pois      ####         1%          1    N/A
 Recall                   Summ/Tloc      N/A          9%          3    N/A
 Aura of Abjuration       Summ           ####......   28%         5    N/A
 Summon Demon             Summ           ####......   28%         5    N/A
 Summon Forest            Summ/Tloc      ###.......   63%         5    N/A
 Summon Mana Viper        Hex/Summ       ###.....     63%         5    N/A

Dungeon Overview and Level Annotations

Branches:
Dungeon (12/15)            Temple (0/1) D:7            Lair (1/6) D:8
    Orc (1/2) D:10          IceCv (visited)

Altars:
Elyvilon
Gozag
Makhleb
Qazlal
Xom
Yredelemnul
The Shining One

Shops:
D:4 (   D:9 %?=(((   D:10 [

Annotations:
D:9 Keep up the progress, 15-runer?
D:11 1 runed translucent door, Xerdoz's ghost, journeyman TrHu
Lair:1 1 transporter


Innate Abilities, Weirdness & Mutations

You do not eat or drink.
Your flesh is vulnerable to fire.
You are immune to poison.
Your flesh is cold resistant. (rC+)
You are immune to negative energy. (rN+++)
You are immune to unholy pain and torment.
You can survive without breathing.


Message History

The tengu conjurer conjures a globe of magical energy!
The catoblepas breathes a plume of calcifying dust at you.
The blast of calcifying dust hits you.
A battlesphere comes into view.
You are engulfed in calcifying dust.
The tengu conjurer casts a spell.
The tengu conjurer blinks!
The catoblepas gores you.
The battlesphere moves out of view.
You are engulfed in calcifying dust.
The killer bee stops moving altogether!
The catoblepas gores you!!
* * * LOW HITPOINT WARNING * * *
You are engulfed in calcifying dust.
A wyvern comes into view.
The catoblepas gores you!
* * * LOW HITPOINT WARNING * * *
You are engulfed in calcifying dust.
The catoblepas gores you!!
* * * LOW HITPOINT WARNING * * *
You are engulfed in calcifying dust.
The catoblepas gores you!!
You die...
Your body crumbles into a pile of gold.

##........'....#
..#
##.....###....##
#.. ###.#.#
##...c##x# ###
###.# ##Q*#§.#
#.. #.#
##..#.§##(# #.#
##..##.§#..#$
#.#
#.y##.##Y##y#
#.# #Y##.. #Y#
.# #.# #@#.##
.#o Yo #.###§#.
.c .. .: #W...§#
.## ##. F.
#.###.# ## ## .
#.....# #.##..##
#.##...##
#.####..##
#.####...#


You could see a catoblepas, a centaur warrior (confused), a tengu conjurer, a
killer bee (petrified) and a battlesphere.

Vanquished Creatures
  2 two-headed ogres
  3 unseen horrors
  Pikel (D:7)
  2 swamp dragons
  2 orc knights
  A manticore (D:11)
  An ugly thing (D:12)
  A faun (D:11)
  A cyclops (D:11)
  A gargoyle (D:11)
  A spiny frog (shapeshifter) (D:12)
  2 trolls
  2 hippogriffs (Lair:1)
  3 slime creatures (D:10)
  3 wraiths
  4 wyverns
  5 yaks
  A hungry ghost (D:10)
  18 wargs
  3 swamp worms (D:10)
  A porcupine (D:8)
  3 sky beasts
  15 orc warriors
  2 ice beasts
  4 slaves (D:7)
  A phantom (D:11)
  3 necrophages
  8 ogres
  3 crocodiles (D:8)
  2 centaurs
  A wolf (D:8)
  A big kobold (D:10)
  11 bullfrogs
  2 scorpions
  12 killer bees
  4 wights (D:10)
  7 crimson imps
  3 howler monkeys
  A centaur zombie (D:11)
  A bullfrog zombie (D:5)
  2 centaur skeletons (D:12)
  2 jellies
  14 orc priests
  11 hounds
  19 orc wizards
  A bullfrog skeleton (D:10)
  Jessica (D:2)
  7 iguanas
  7 worker ants
  A hound skeleton (D:5)
  A worker ant zombie (D:6)
  17 adders
  2 shadow imps
  14 white imps
  2 ufetubi (IceCv)
  2 oozes
  An adder skeleton (D:4)
  An adder zombie (D:7)
  2 worms (D:2)
  A dart slug (D:3)
  11 leopard geckos
  66 orcs
  3 giant cockroaches
  9 goblins
  5 hobgoblins
  9 jackals
  2 quokkas
  8 bats
  7 frilled lizards
  A jackal skeleton (D:8)
  12 kobolds
  A quokka skeleton (D:5)
  2 rats
386 creatures vanquished.

Vanquished Creatures (others)
  3 white imps (IceCv)
  5 ufetubi (IceCv)
  An orc (D:5)
  A fungus (D:11)
  3 plants (D:10)
13 creatures vanquished.

Grand Total: 399 creatures vanquished

Notes
Turn   | Place    | Note
-------+----------+-------------------------------------------
     0 | D:1      | Amplified the Mummy Venom Mage began the quest for the Orb.
     0 | D:1      | Reached XP level 1. HP: 13/13 MP: 4/4
   349 | D:1      | Reached skill level 1 in Conjurations
   599 | D:1      | Reached XP level 2. HP: 20/20 MP: 3/5
  1059 | D:2      | Learned a level 2 spell: Poisonous Vapours
  1192 | D:2      | Reached skill level 1 in Fighting
  1315 | D:2      | Reached XP level 3. HP: 15/26 MP: 2/7
  1683 | D:2      | Reached XP level 4. HP: 27/32 MP: 3/9
  1815 | D:2      | Noticed Jessica
  1835 | D:2      | Killed Jessica
  2156 | D:3      | Reached skill level 2 in Fighting
  2423 | D:4      | Reached XP level 5. HP: 12/38 MP: 1/11
  2643 | D:4      | Learned a level 3 spell: Mephitic Cloud
  2753 | D:4      | Found Anli's Antique Weapon Shoppe.
  2753 | D:4      | Noticed an ogre
  2764 | D:4      | Killed an ogre
  3197 | D:4      | Learned a level 4 spell: Olgreb's Toxic Radiance
  3211 | D:4      | Reached XP level 6. HP: 45/46 MP: 12/12
  3322 | D:4      | Reached skill level 3 in Fighting
  4254 | D:3      | Reached skill level 5 in Spellcasting
  4433 | D:5      | Entered Level 5 of the Dungeon
  4553 | D:5      | Reached XP level 7. HP: 44/52 MP: 9/14
  4652 | D:5      | Found an opulent altar of Gozag.
  4670 | D:5      | Became a worshipper of Gozag Ym Sagoz the Greedy
  5119 | D:5      | Found a white marble altar of Elyvilon.
  5153 | D:5      | Reached skill level 4 in Fighting
  5346 | D:4      | Bought a brightly glowing mace for 224 gold pieces
  5346 | D:4      | Identified the +11 mace "Xaica" {elec, *Noise rF- Int+8
                  | Dex+4} (You bought it in a shop on level 4 of the Dungeon)
  5500 | D:6      | Reached XP level 8. HP: 59/61 MP: 17/17
  5526 | D:6      | Learned a level 5 spell: Venom Bolt
  5528 | D:6      | Reached skill level 1 in Maces & Flails
  5759 | D:6      | Found a stormy altar of Qazlal.
  5760 | D:6      | Noticed an air elemental
  5784 | D:6      | Reached skill level 5 in Fighting
  6085 | D:7      | Found a staircase to the Ecumenical Temple.
  6348 | D:7      | Noticed Pikel
  6361 | D:7      | Killed Pikel
  6361 | D:7      | Reached skill level 6 in Fighting
  6444 | D:7      | Reached XP level 9. HP: 71/71 MP: 18/18
  6553 | D:8      | Noticed Maurice
  6558 | D:8      | Noticed Maurice
  6558 | D:8      | Maurice changed into Maurice the ogre
  6562 | D:8      | Killed Maurice the ogre
  6587 | D:8      | Reached skill level 7 in Fighting
  6731 | D:8      | Noticed a two-headed ogre
  6828 | D:8      | Reached skill level 5 in Maces & Flails
  6846 | D:8      | Killed a two-headed ogre
  6846 | D:8      | Reached skill level 8 in Fighting
  7630 | D:8      | Reached skill level 9 in Fighting
  7640 | D:8      | Reached XP level 10. HP: 83/83 MP: 1/19
  7727 | D:8      | Found a staircase to the Lair.
  7893 | D:9      | Found a glowing golden altar of the Shining One.
  7999 | D:9      | Found a basalt altar of Yredelemnul.
  8024 | D:9      | Found Qeceq's Food Emporium.
  8064 | D:9      | Found Purch's Magic Scroll Shop.
  8291 | D:9      | Found a burning altar of Makhleb.
  8348 | D:9      | Found Jymay's Weapon Emporium.
  8374 | D:9      | Found Wickaf's Weapon Shop.
  8414 | D:9      | Noticed a two-headed ogre
  8415 | D:9      | Found Osodoh's Antique Weapon Boutique.
  8432 | D:9      | Killed a two-headed ogre
  8761 | D:10     | Entered Level 10 of the Dungeon
  8815 | D:10     | Found a staircase to the Orcish Mines.
  8822 | D:10     | Reached skill level 10 in Fighting
  9062 | D:10     | Killed an unseen horror
  9348 | D:11     | Reached XP level 11. HP: 81/92 MP: 6/20
  9391 | D:11     | Reached skill level 11 in Fighting
  9576 | D:11     | Noticed Xerdoz's ghost (journeyman TrHu)
  9577 | D:11     | Found a runed translucent door.
  9578 | D:11     | Noticed a spriggan rider
  9660 | D:11     | Identified the +10 spear "Xinorrok" {pierce, Str+4 Int+2
                  | Dex+2}
  9662 | D:11     | Found a shimmering altar of Xom.
  9662 | D:11     | Found a shimmering altar of Xom.
  9662 | D:11     | Found a shimmering altar of Xom.
  9662 | D:11     | Found a shimmering altar of Xom.
  9662 | D:11     | Noticed a harpy
  9665 | D:11     | Found a shimmering altar of Xom.
  9666 | D:11     | Found a shimmering altar of Xom.
  9880 | D:12     | Noticed a swamp dragon
  9880 | D:12     | a manticore changed into a swamp dragon
  9887 | D:12     | Killed a swamp dragon
 10279 | D:12     | Noticed a red ugly thing
 10288 | D:12     | Learned a level 6 spell: Shadow Creatures
 10296 | D:12     | Killed a red ugly thing
 10610 | D:11     | Reached skill level 1 in Summonings
 10616 | D:11     | Noticed a death knight
 10975 | D:10     | Found Zarupp's Armour Boutique.
 11436 | D:9      | Bought the ring of the Spinneret {rF+ MR+ Str+4 SInv} for
                  | 602 gold pieces
 11583 | Lair:1   | Entered Level 1 of the Lair of Beasts
 11587 | Lair:1   | Found a transporter.
 11982 | Orc:1    | Entered Level 1 of the Orcish Mines
 12096 | Orc:1    | Noticed an orc knight
 12108 | Orc:1    | Killed an orc knight
 12108 | Orc:1    | Reached skill level 12 in Fighting
 12202 | Orc:1    | Found a frozen archway.
 12649 | IceCv    | Entered an ice cave
 12892 | D:9      | Bought the ring "Fonow" {*Drain rElec AC+4 Slay+3} for 684
                  | gold pieces
 13204 | D:10     | Noticed a swamp dragon
 13204 | D:10     | a swamp worm changed into a swamp dragon
 13218 | D:10     | Killed a swamp dragon
 14157 | D:10     | Reached XP level 12. HP: 66/103 MP: 21/21
 14170 | D:10     | Got a crude ring mail
 14171 | D:10     | Identified the +3 ring mail of Totafan {rElec rF- Int+7
                  | Stlth+} (You found it on level 10 of the Dungeon)
 14398 | D:10     | Reached skill level 10 in Maces & Flails
 15184 | D:9      | Bought a steaming morningstar for 306 gold pieces
 15184 | D:9      | Identified the +1 morningstar of Recklessness {drain, rC+}
                  | (You bought it in a shop on level 9 of the Dungeon)
 15507 | D:11     | Reached skill level 5 in Summonings
 15535 | D:11     | Identified the cursed +3 dagger "Leviticus" {flame, Dex+5}
 15535 | D:11     | Identified the +1 robe of Focus {+Fly}
 15535 | D:11     | Noticed a centaur warrior
 15541 | D:11     | Noticed a catoblepas
 15541 | D:11     | Noticed a centaur warrior
 15544 | D:11     | a centaur warrior changed into a faun
 15585 | D:11     | Slain by a catoblepas

Levels and vault maps discovered:
D:1:      shiori_arrival_elements, layout_basic, minivault_14, minivault_14
D:2:      layout_basic, grunt_ministairs_10, kennysheep_generic_room_10,
          uniq_jessica
D:3:      layout_loops_cross, minmay_puff
D:4:      layout_gridville, serial_shops, shop
D:5:      layout_basic, old_standard_altar, kennysheep_mini, first_ration
D:6:      layout_loops_cross, nicolae_qazlal_style_of_elements
D:7:      layout_rooms, minmay_temple_entry_slanted, grunt_ogre_cave, uniq_pikel
D:8:      layout_basic, erik_lair_dragon, uniq_maurice
D:9:      layout_irregular_city, bloody_makhleb, nicolae_overflow_hidden_temple,
          old_standard_altar, serial_shops, shop_fountains,
          kennysheep_little_box, shop, nicolae_shop_window_shopping,
          shop_fountains
D:10:     lemuel_castle_with_subvaults [lemuel_castle_interior_carwin_2],
          layout_irregular_city, serial_shops,
          nicolae_shop_temple_entry_statues_fountains, worms_lemuel
D:11:     minmay_the_grid_octo_tiled_squarecenter_mashed
          [minmay_the_grid_octo_clover, minmay_the_grid_octo_fan_narrow,
          minmay_the_grid_octo_teeth, minmay_the_grid_octo_checkerflower,
          minmay_the_grid_square_5x5_megaprize_open,
          minmay_the_grid_square_5x5_longway,
          minmay_the_grid_square_5x5_inner_v,
          minmay_the_grid_square_5x5_two_small,
          minmay_the_grid_square_5x5_percent], layout_loops_corners,
          ebering_ghost_funeral_grove, xom_shifter_show
D:12:     layout_layer_cave, kennysheep_diamond, hangedman_cracks_in_the_wall
Lair:1:   layout_layer_cave, gammafunk_ghost_wrathful_warriors,
          kennysheep_rathole, grunt_megastairs_1, lemuel_fruit_tree
Orc:1:    layout_diamond_mine, portal_ice_cave_entry_imps

Skill      XL: |  1  2  3  4  5  6  7  8  9 10 11 12 |
---------------+-------------------------------------+-----
Conjurations   | 1 2 3 |  3.8
Spellcasting   | 3 4 5 6 |  6.1
Fighting       | 1 2 3 4 6 9 10 12 | 12.9
Poison Magic   | 3 4 |  4.5
Maces & Flails | 3 6 8 9 10 | 10.5
Summonings     | 3 5 |  5.3
Dodging        | |  1.5
Stealth        | |  1.5

Action                   |  1- 3 |  4- 6 |  7- 9 | 10-12 || total
-------------------------+-------+-------+-------+-------++-------
Melee: Mace              |    59 |   178 |   195 |   427 ||   859
       Morningstar       |       |       |    62 |       ||    62
Throw: Dart              |       |    12 |     6 |    12 ||    30
       Throwing net      |       |       |       |     1 ||     1
 Cast: Sting             |    28 |     4 |       |       ||    32
       Poisonous Vapours |     7 |    31 |     9 |    18 ||    65
       Mephitic Cloud    |       |     2 |     2 |     9 ||    13
       Olgreb's Toxic Ra |       |     1 |    21 |    55 ||    77
       Shadow Creatures  |       |       |       |     2 ||     2
Invok: Call Merchant     |       |       |       |     1 ||     1
       Potion Petition   |       |       |       |     2 ||     2
Evoke: Wand              |       |       |     7 |    36 ||    43
  Use: Scroll            |     3 |    12 |     4 |    15 ||    34
 Stab: Distracted        |       |     1 |     2 |     2 ||     5
       Sleeping          |       |     6 |     3 |     8 ||    17
       Confused          |       |       |       |     3 ||     3
Armor: Leather armour    |    18 |    19 |       |       ||    37
       Robe              |       |    64 |   117 |   155 ||   336
Dodge: Dodged            |    49 |   144 |   171 |   196 ||   560
